 Seeded DCSS version 0.30.1-4-g462c640d31 (webtiles) character file.

Game seed: 6351066067085065685 (custom seed)

0 Esekla the Magician (level 1, -3/10 HPs)
             Began as a Deep Elf Wanderer on Sept 10, 2023.
             Slain by a hound (4 damage)
             ... on level 2 of the Dungeon.
             The game lasted 00:03:24 (269 turns).

Esekla the Magician (Deep Elf Wanderer)              Turns: 269, Time: 00:03:25

Health: -3/10      AC:  2    Str: 11    XL:     1   Next: 8%
Magic:  7/7        EV: 10    Int: 17    God:
Gold:   27         SH:  3    Dex: 11    Spells: 6/8 levels left

rFire   . . .        a - +0 short sword
rCold   . . .        d - +0 buckler
rNeg    . . .        c - +0 robe
rPois   .            (no helmet)
rElec   .            (no cloak)
rCorr   .            (no gloves)
SInv    .            (no boots)
Will    .....        (no amulet)
Stlth   ++           (no ring)
HPRegen 0.21/turn    (no ring)
MPRegen 0.10/turn

%: no passive effects
@: no status effects
A: no striking features
a: no special abilities


You were on level 2 of the Dungeon.
You visited 1 branch of the dungeon, and saw 3 of its levels.

You collected 27 gold pieces.

Inventory:

Hand Weapons
 a - a +0 short sword (weapon)
Armour
 c - a +0 robe (worn)
 d - a +0 buckler (worn)
Scrolls
 j - a scroll of identify {unknown}
Potions
 b - a potion of lignification
 e - a potion of ambrosia {unknown}
 f - a potion of attraction {unknown}
 g - a potion of heal wounds {unknown}
 h - a potion of curing {unknown}
 i - a potion of haste {unknown}


   Skills:
 * Level 0.2 Dodging
 + Level 1.2 Stealth
 + Level 1.5 Shields
 * Level 4.4 Spellcasting
 + Level 2.1 Translocations
 + Level 1.0 Invocations


You had 6 spell levels left.
You knew the following spells:

 Your Spells              Type           Power      Damage    Failure   Level
a - Magic Dart            Conj           12%        1d3       22%         1
p - Apportation           Tloc           22%        N/A       9%          1

Your spell library contained the following spells:

 Spells                   Type           Power      Damage    Failure   Level
 Blink                    Tloc           22%        N/A       14%         2
 Lesser Beckoning         Tloc           22%        N/A       14%         2
 Ignite Poison            Fire/Tmut/Pois 3%         N/A       54%         3
 Vampiric Draining        Necr           3%         2d6       54%         3


Dungeon Overview and Level Annotations

Branches:
Dungeon (3/15)

Altars:
Qazlal


Message History

You see here a +0 dagger.
There is a stone staircase leading down here.
You climb downwards.
There is a stone staircase leading up here.
You open the door.
Found 7 stones.
Found a robe.
There is an open door here.
Found a stone staircase leading down.
A sourceless malevolence fills the Dungeon... and a teleportation trap spontaneously manifests!
You are yanked towards some nearby monsters!
Your surroundings suddenly seem different.
A hound and an adder come into view.
Found a stormy altar of Qazlal.
The hound barks!
Found 3 gold pieces.
The hound attacks as you move away! The hound closely misses you. x2
The hound bites you but does no damage.
Found a stone staircase leading up.
The hound bites you but does no damage.
You see here 3 gold pieces.
You now have 27 gold pieces (gained 3).
The hound bites you.
Ouch! That really hurt!
The hound bites you. The hound attacks as you move away!
The hound bites you but does no damage. The hound barely misses you.
You block the hound's attack. The hound bites you but does no damage.
There is a stone staircase leading up here.
The hound bites you.
* * * LOW HITPOINT WARNING * * *
You climb upwards.
Found a scroll labelled OPUZOUSOET.
There is a stone staircase leading down here.
You block the hound's attack. The hound attacks as you move away!
The hound bites you.
* * * LOW HITPOINT WARNING * * *
You see here a scroll labelled OPUZOUSOET.
j - a scroll labelled OPUZOUSOET You block the hound's attack.
The hound bites you.
You die...

#.# #.#
#.# #.#
#.# #.#
#.# #@#
#h# #>#
........#
.........
..########


You could see a hound.

Vanquished Creatures
  A kobold (D:1)
1 creature vanquished.

Notes
Turn   | Place    | Note
-------+----------+-------------------------------------------
     0 | D:1      | Esekla the Deep Elf Wanderer began the quest for the Orb.
     0 | D:1      | Esekla set off with the following items: a +0 club, a
                  | potion of lignification, a +0 robe, a +0 buckler; and the
                  | following spells available to memorise: Apportation, Blink,
                  | Lesser Beckoning, Magic Dart, Ignite Poison, Vampiric
                  | Draining.
     0 | D:1      | Reached XP level 1. HP: 10/10 MP: 7/7
     2 | D:1      | Learned a level 1 spell: Magic Dart
     4 | D:1      | Learned a level 1 spell: Apportation
   244 | D:3      | Found a stormy altar of Qazlal.
   244 | D:3      | Noticed a hound
   269 | D:2      | Slain by a hound

Illustrated notes

Levels and vault maps discovered:
D:1:      sevenhm_arrival_forest_fort_small_3, layout_rooms,
          chequers_serial_rivers_room_b, minmay_misc_feat_five
D:2:      layout_loops_ring, dreamdust_ecumenical_altar_angels_and_demons,
          serial_shops, shop
D:3:      layout_basic, grunt_temple_overflow_open, minmay_misc_feat_iff

Action                     || total
---------------------------++-------
   Cast: Magic Dart        ||     3
         Apportation       ||     2
    Use: Scroll            ||     1
 Armour: Robe              ||    11
  Dodge: Dodged            ||    16
  Block: Buckler           ||     6
